 Dungeon Crawl Stone Soup version 0.26.1-10-gdfb7c7de75 (webtiles) character file.

Game seed: 9076373379862893308

599 phalm the Ducker (level 7, -2/35 HPs)
             Began as a Spriggan Artificer on Apr 7, 2021.
             Was an Initiate of Gozag.
             Killed themself with a badly aimed iceblast (21 damage)
             ... on level 5 of the Dungeon on Apr 8, 2021.
             The game lasted 00:10:58 (6415 turns).

phalm the Ducker (Spriggan Artificer)               Turns: 6415, Time: 00:10:59

Health: -2/35      AC:  2    Str:  8    XL:     7   Next: 17%
Magic:  8/8        EV: 23    Int: 13    God:    Gozag
Gold:   274        SH:  5    Dex: 24    Spells: 6/6 levels left

rFire    . . .     SeeInvis +   v - +2 dagger (venom)
rCold    . . .     Faith    .   (shield restricted)
rNeg     . . .     Spirit   .   c - +0 robe (curse)
rPois    .         Reflect  +   (helmet restricted)
rElec    .         Harm     .   (no cloak)
rCorr    .         Rampage  .   (gloves unavailable)
Will     +....                  (boots unavailable)
Stlth    ++++......             m - amulet of reflection
HPRegen  0.11/turn              t - +6 ring of dexterity
MPRegen  0.11/turn              (no ring)

@: gold aura, very quick
A: very small, unfitting armour, see invisible, speed 3
a: Renounce Religion, Potion Petition, Call Merchant, Bribe Branch


You were on level 5 of the Dungeon.
You worshipped Gozag.
Gozag was aware of your devotion.
You visited 2 branches of the dungeon, and saw 6 of its levels.
You also visited: Ossuary.

You collected 391 gold pieces.
You paid 117 gold pieces to Gozag.

Inventory:

Hand Weapons
 v - a +2 dagger of venom (weapon)
Missiles
 w - 135 stones
 x - 36 sling bullets
 y - 27 poisoned darts (quivered)
Armour
 c - a cursed +0 robe (worn)
Jewellery
 m - an amulet of reflection (around neck)
 t - a +6 ring of dexterity (left hand)
Wands
 d - a wand of enslavement (20)
 e - a wand of random effects (7)
 n - a wand of iceblast (1)
 F - a wand of disintegration (15)
Scrolls
 g - a scroll of random uselessness
 l - 4 scrolls of teleportation
 o - 5 scrolls of remove curse
 p - 4 scrolls of fog
 u - a scroll of magic mapping
 z - 2 scrolls of enchant armour {unknown}
 A - 3 scrolls of immolation
 B - a scroll of blinking {unknown}
Potions
 a - 4 potions of lignification
 f - a potion of berserk rage
 h - a potion of magic
 i - 2 potions of invisibility {unknown}
 j - 2 potions of attraction
 k - 5 potions of curing
 r - 4 potions of flight
 s - a potion of cancellation {unknown}
 C - a potion of mutation {unknown}
 D - 2 potions of heal wounds {unknown}
 E - a potion of haste {unknown}


   Skills:
 + Level 2.7 Fighting
 + Level 2.9 Short Blades
 + Level 1.9 Throwing
 + Level 5.9 Dodging
 + Level 5.4 Stealth
 + Level 5.9 Evocations


You had 6 spell levels left.
You didn't know any spells.
Your spell library contained the following spells:

 Spells                   Type           Power        Failure   Level
 Summon Small Mammal      Summ           0%           30%         1
 Call Imp                 Summ           0%           43%         2
 Call Canine Familiar     Summ           0%           67%         3
 Summon Guardian Golem    Hex/Summ       0%           67%         3
 Summon Ice Beast         Ice/Summ       0%           97%         4
 Summon Lightning Spire   Summ/Air       0%           97%         4


Dungeon Overview and Level Annotations

Branches:
Dungeon (5/15)             Temple (1/1) D:5         Ossuary (visited)

Altars:
Dithmenos
Gozag
Makhleb
Qazlal
Sif Muna
Vehumet
Wu Jian
Xom
Yredelemnul


Innate Abilities, Weirdness & Mutations

You are very small and have problems with some larger weapons.
You are too small for most types of armour.
You have supernaturally acute eyesight. (SInv)
You cover ground extremely quickly.


Message History

You hit the sky beast.
The sky beast is moderately wounded.
The sky beast hits you. The sky beast shocks you.
You hit the sky beast but do no damage.
The sky beast looks as sick as possible!
The sky beast is moderately wounded.
The sky beast completely misses you.
Aiming: Random Effects
Press: ? - help, Shift-Dir - straight line, f - sky beast
Aim: a sky beast (moderately wounded, slightly transparent, extremely poisoned) Nothing appears to happen.
Aiming: Random Effects
Press: ? - help, Shift-Dir - straight line, f/p - sky beast
Aim: a sky beast (moderately wounded, slightly transparent, extremely poisoned)
The mass of ice explodes!
The iceblast engulfs the sky beast!!
You kill the sky beast!
The iceblast engulfs you!!
Ouch! That really hurt!
You die...
Your body crumbles into a pile of gold.

**** ### *,,###.# #** **,*#..##
#.* ### *,**###.## *#.#* #.#
#*,* #..# *,..#* #.## #.,* #...
**,,#.### ###..## ##.#* #...
**,***#..####.....###...#* #...
*,** ##.......@.........##*#...
*** #........$###..##....##...
#..##....## **?.##........
##..##....# *,,####....##
##...##...## **,** #..###
##....###..# *..###..##
##.....#*#..#* *..##....##
###..##...##...##* *#........##
#[...###...#.....#####...###....


There were no monsters in sight!

Vanquished Creatures
  A sky beast (D:5)
  2 scorpions (D:5)
  2 human zombies (Ossuary)
  A quasit (D:5)
  An orc priest (D:3)
  4 hounds
  An orc wizard (D:3)
  Terence (D:2)
  2 worker ants (D:5)
  2 big kobold zombies (Ossuary)
  3 mummies (Ossuary)
  An adder (D:3)
  2 white imps (D:5)
  An ufetubus (D:5)
  An ooze (D:3)
  A worm (D:3)
  4 leopard geckos
  6 orcs (D:3)
  2 bats
  3 giant cockroaches
  A gnoll zombie (Ossuary)
  7 goblins
  6 hobgoblins
  3 kobolds
  A quokka (D:3)
  A ball python (D:1)
  3 frilled lizards
  A kobold zombie (Ossuary)
  2 orc zombies (Ossuary)
  A quokka zombie (D:5)
  2 rats (D:1)
69 creatures vanquished.

Vanquished Creatures (collateral kills)
  An orc (D:3)
1 creature vanquished.

Grand Total: 70 creatures vanquished

Notes
Turn   | Place    | Note
-------+----------+-------------------------------------------
     0 | D:1      | phalm the Spriggan Artificer began the quest for the Orb.
     0 | D:1      | Reached XP level 1. HP: 9/9 MP: 2/2
    83 | D:1      | You fall into a shaft and drop 1 floor!
    83 | D:2      | Found a shimmering blue altar of Sif Muna.
   792 | D:1      | Reached skill level 1 in Fighting
   968 | D:2      | Reached XP level 2. HP: 14/14 MP: 3/3
  1155 | D:2      | Found a radiant altar of Vehumet.
  1465 | D:2      | Noticed Terence
  1470 | D:2      | Killed Terence
  1471 | D:2      | Reached XP level 3. HP: 18/18 MP: 4/4
  1599 | D:2      | Found a stormy altar of Qazlal.
  2164 | D:3      | Reached skill level 1 in Short Blades
  2164 | D:3      | Reached XP level 4. HP: 14/23 MP: 5/5
  2517 | D:3      | Reached skill level 5 in Evocations
  2624 | D:3      | Reached XP level 5. HP: 26/26 MP: 6/6
  2993 | D:4      | Found a shadowy altar of Dithmenos.
  3148 | D:4      | Reached skill level 5 in Dodging
  3701 | D:5      | Entered Level 5 of the Dungeon
  3751 | D:5      | Found a sand-covered staircase.
  3756 | Ossuary  | Entered an ossuary
  4017 | Ossuary  | Reached XP level 6. HP: 20/30 MP: 7/7
  4150 | Ossuary  | Reached skill level 1 in Throwing
  4726 | D:5      | Found a staircase to the Ecumenical Temple.
  4743 | D:5      | Reached skill level 5 in Stealth
  4746 | Temple   | Entered the Ecumenical Temple
  4951 | Temple   | Became a worshipper of Gozag Ym Sagoz the Greedy
  5367 | D:5      | Reached XP level 7. HP: 31/35 MP: 8/8
  6000 | D:5      | Found a basalt altar of Yredelemnul.
  6415 | D:5      | Killed themself with a badly aimed iceblast

Illustrated notes

Levels and vault maps discovered:
D:1:      nzn_arrival_water_spiral, layout_basic
D:2:      layout_basic, lemuel_round_altar, marbit_many_paths,
          old_standard_altar, hangedman_decor_peaks_small,
          kennysheep_generic_room_8, uniq_terence
D:3:      layout_loops_ring
D:4:      cheibrodos_quashed, layout_basic, lemuel_crystal_altar
D:5:      layout_layer_cave, lemuel_round_altar,
          minmay_temple_entry_statues_pillars, nicolae_ossuary_entry_plus
Temple:   compressed_dpeg_triangle_lava_temple

Skill      XL: |  1  2  3  4  5  6 |
---------------+-------------------+-----
Stealth        | 2 3 4 5 |  5.4
Fighting       | 1 2 |  2.7
Dodging        | 4 5 |  5.9
Short Blades   | 1 2 |  2.9
Evocations     | 5 |  5.9
Throwing       | 1 |  1.9

Action                   |  1- 3 |  4- 6 |  7- 9 || total
-------------------------+-------+-------+-------++-------
Melee: Club              |    26 |       |       ||    26
       Dagger            |    42 |   198 |    26 ||   266
Evoke: Wand              |     9 |    17 |     1 ||    27
  Use: Scroll            |     5 |     8 |     1 ||    14
       Potion            |     1 |       |       ||     1
 Stab: Sleeping          |     6 |     8 |     1 ||    15
       Betrayed ally     |       |     1 |       ||     1
       Distracted        |       |     2 |       ||     2
Armor: Robe              |     6 |     4 |       ||    10
Dodge: Dodged            |    65 |   102 |    10 ||   177
Block: Other             |     9 |    31 |     5 ||    45
       Reflection        |       |     1 |       ||     1
